 Dungeon Crawl Stone Soup version 0.23-b1-49-g13d5857 (webtiles) character file.

Game seed: 7035675780596637231

941 redwoodhats the Ducker (level 8, -5/80 HPs)
             Began as an Ogre Wanderer on Feb 3, 2019.
             Was a Believer of Okawaru.
             Slain by an ogre
             ... wielding a +0 giant spiked club
              (25 damage)
             ... on level 5 of the Dungeon.
             The game lasted 00:32:55 (5544 turns).

redwoodhats the Ducker (Ogre Wanderer)              Turns: 5544, Time: 00:32:56

Health: -5/80      AC:  5    Str: 16    XL:     8   Next: 12%
Magic:  9/9        EV: 12    Int: 11    God:    Okawaru [**....]
Gold:   205        SH:  0    Dex: 13    Spells: 9/9 levels left

rFire    . . .     SeeInvis .   w - +0 great sword
rCold    . . .     Gourm    .   (shield currently unavailable)
rNeg     . . .     Faith    .   a - +2 robe
rPois    .         Spirit   .   (helmet restricted)
rElec    .         Reflect  .   (no cloak)
rCorr    .         Harm     .   (gloves unavailable)
MR       .....                  (boots unavailable)
Stlth    ++........             n - amulet of regeneration
HPRegen  0.63/turn              (no ring)
MPRegen  0.11/turn              (no ring)

@: no status effects
A: large, unfitting armour, tough skin 1
a: Heroism, Renounce Religion


You were on level 5 of the Dungeon.
You worshipped Okawaru.
Okawaru was pleased with you.
You were not hungry.

You visited 1 branch of the dungeon, and saw 5 of its levels.

You collected 205 gold pieces.

Inventory:

Hand Weapons
 d - a +0 blowgun
 e - a +0 mace
 o - a +0 flail of crushing
 p - a +4 trident
 t - a +0 hunting sling
 w - a +0 great sword (weapon)
Missiles
 c - 34 poisoned needles
 i - 5 tomahawks (quivered)
 s - 7 curare-tipped needles
 u - 121 stones
Armour
 a - a +2 robe (worn)
 k - a +0 leather armour
 x - a +0 pair of gloves of archery
Magical Staves
 j - an uncursed staff of power
Jewellery
 l - a +4 ring of evasion {unknown}
 n - an amulet of regeneration (around neck)
 v - an uncursed ring of attention
Scrolls
 m - 3 scrolls of teleportation
 q - a scroll of magic mapping
 r - a scroll of identify
 y - 2 scrolls of remove curse
 A - a scroll of amnesia
Potions
 z - a potion of berserk rage
Comestibles
 f - 4 rations


   Skills:
 + Level 5.0 Fighting
 + Level 4.7 Long Blades
 + Level 2.4 Maces & Flails
 + Level 1.2 Polearms
 + Level 0.1(0.8) Slings
 + Level 1.9 Throwing
 + Level 5.4 Dodging
 + Level 1.0 Stealth
   Level 1.0 Shields
 + Level 1.2 Spellcasting
   Level 1.0 Translocations
   Level 1.0 Fire Magic


You had 9 spell levels left.
You didn't know any spells.
Your spell library was empty.

Dungeon Overview and Level Annotations

Branches:
Dungeon (5/15)
 Temple: D:4-7

Altars:
Dithmenos
Kikubaaqudgha
Okawaru
Trog
Xom
Zin
Beogh

Annotations:
D:5 Prince Ribbit


Innate Abilities, Weirdness & Mutations

You are too large for most types of armour.
You have tough skin. (AC +1)


Message History

Okawaru accepts your kill.
Your Fighting skill increases to level 5!
The centaur zombie closely misses you.
You slash the centaur zombie!
You destroy the centaur zombie!
Okawaru accepts your kill.
An ogre comes into view. It is wielding a +0 giant spiked club.
You hear the brisk rusting of a distant drain.
The ogre shouts!
Prince Ribbit comes into view.
Prince Ribbit gives a loud, deep croak!
Prince Ribbit blinks!
The ogre hits you with a +0 giant spiked club!!
You closely miss the ogre.
The ogre hits you with a +0 giant spiked club!!
* * * LOW HITPOINT WARNING * * *
You hit the ogre.
The ogre is lightly wounded.
The ogre hits you with a +0 giant spiked club!!
You die...

#.......
#......#######.
#.............. #
#.............
#.####........F..
#.............#
#......<......####.#
#...........@O......
#...................
#...................
..######.#..........
########.#######....
......#.# ....
........####### ...
#####.#........ .#
## #.#.#######


You could see Prince Ribbit and an ogre.

Vanquished Creatures
  The ghost of Ancalimex the Firebug, an amateur HuFE of Yredelemnul (D:4)
  3 ogres
  A howler monkey (D:5)
  A centaur zombie (D:5)
  A jelly (D:5)
  A bullfrog zombie (D:5)
  2 orc wizards
  3 orc priests
  A bullfrog skeleton (D:5)
  Terence (D:2)
  A worker ant (D:4)
  4 gnolls (D:3)
  8 adders
  An ooze (D:4)
  4 worms
  16 orcs
  8 bats
  4 giant cockroaches
  8 hobgoblins
  6 jackals
  A quokka (D:5)
  3 ball pythons
  2 frilled lizards
  3 goblins (D:1)
  6 kobolds
  6 rats
96 creatures vanquished.

Notes
Turn   | Place    | Note
-------+----------+-------------------------------------------
     0 | D:1      | redwoodhats the Ogre Wanderer began the quest for the Orb.
     0 | D:1      | redwoodhats set off with the following items: a +2 robe, a
                  | +0 mace, 12 poisoned needles, a +0 blowgun, a ration
     0 | D:1      | Reached XP level 1. HP: 19/19 MP: 2/2
   141 | D:1      | Reached XP level 2. HP: 26/27 MP: 3/3
   573 | D:1      | Reached XP level 3. HP: 29/33 MP: 4/4
  1218 | D:2      | Reached skill level 1 in Maces & Flails
  1280 | D:2      | Found a shadowy altar of Dithmenos.
  1280 | D:2      | Found a bloodstained altar of Trog.
  1595 | D:2      | Noticed Terence
  1614 | D:2      | Killed Terence
  1614 | D:2      | Reached XP level 4. HP: 27/42 MP: 5/5
  1713 | D:2      | Found a shimmering altar of Xom.
  1713 | D:2      | Found an ancient bone altar of Kikubaaqudgha.
  1714 | D:2      | Found a glowing silver altar of Zin.
  2673 | D:3      | Found an iron altar of Okawaru.
  2679 | D:3      | Reached XP level 5. HP: 49/50 MP: 6/6
  2701 | D:3      | Became a worshipper of Warmaster Okawaru
  3944 | D:4      | Noticed an ogre
  3957 | D:4      | Killed an ogre
  3957 | D:4      | Reached XP level 6. HP: 60/61 MP: 7/7
  4101 | D:4      | Reached * piety under Okawaru
  4173 | D:4      | Found a runed translucent gate.
  4174 | D:4      | Found a runed translucent gate.
  4175 | D:4      | Found a runed translucent gate.
  4176 | D:4      | Noticed Ancalimex's ghost (amateur HuFE)
  4179 | D:4      | Found a roughly hewn altar of Beogh.
  4988 | D:4      | Reached XP level 7. HP: 45/70 MP: 8/8
  5010 | D:4      | Killed Ancalimex's ghost
  5010 | D:4      | Reached skill level 5 in Dodging
  5010 | D:4      | Reached skill level 1 in Stealth
  5202 | D:5      | Entered Level 5 of the Dungeon
  5271 | D:5      | Reached ** piety under Okawaru
  5491 | D:5      | Reached skill level 1 in Polearms
  5491 | D:5      | Reached XP level 8. HP: 47/79 MP: 9/9
  5536 | D:5      | Reached skill level 5 in Fighting
  5539 | D:5      | Noticed Prince Ribbit
  5544 | D:5      | Slain by an ogre

Skill      XL: |  1  2  3  4  5  6  7  8 |
---------------+-------------------------+-----
Dodging        | 4 5 |  5.4
Maces & Flails | 1 2 |  2.4
Fighting       | 2 3 4 5 |  5.0
Long Blades    | 2 3 4 |  4.7
Stealth        | 1 |  1.0
Polearms       | 1 |  1.2
Slings         | |  0.1
Throwing       | |  1.9
Shields        | |  1.0
Spellcasting   | |  1.2
Translocations | |  1.0
Fire Magic     | |  1.0

Action                   |  1- 3 |  4- 6 |  7- 9 || total
-------------------------+-------+-------+-------++-------
Melee: Mace              |   116 |   118 |       ||   234
       Great sword       |       |    86 |    63 ||   149
       Trident           |       |       |    21 ||    21
 Fire: Blowgun           |    24 |     3 |     7 ||    34
       Hunting sling     |       |     2 |       ||     2
Throw: Tomahawk          |       |     3 |       ||     3
  Use: Scroll            |     2 |     9 |       ||    11
       Potion            |     2 |    10 |     4 ||    16
  Eat: Ration            |     1 |     3 |     1 ||     5
Armor: Robe              |    53 |    76 |    14 ||   143
       Skin              |       |    20 |    16 ||    36
Dodge: Dodged            |   124 |   194 |    65 ||   383
       Rpst.: Great sword |       |    21 |    13 ||    34
